 Dungeon Crawl Stone Soup version 0.20-a0-454-g2b43fbb (webtiles) character file.

186 HarleyQuinn the Purveyor of Pain (level 5, -4/35 HPs)
             Began as a Demonspawn Necromancer on Jan 8, 2017.
             Was an Initiate of Kikubaaqudgha.
             Slain by Shayle's ghost (7 damage)
             ... on level 5 of the Dungeon.
             The game lasted 00:13:06 (7160 turns).

HarleyQuinn the Purveyor of Pain (DsNe)             Turns: 7160, Time: 00:13:07

Health: -4/35      AC:  7    Str:  8    XL:     5   Next: 38%
Magic:  17/17      EV: 12    Int: 29    God:    Kikubaaqudgha [......]
Gold:   130        SH:  0    Dex: 17    Spells: 4/8 levels left

rFire  + . .     SeeInvis .     r - staff of death
rCold  + . .     Gourm    .     w - +1 leather armour of Virtue {Int+6 Dex+4}
rNeg   + . .     Faith    .     (no shield)
rPois  +         Spirit   .     (no helmet)
rElec  +         Reflect  .     (no cloak)
rCorr  +         Harm     .     (no gloves)
MR     .....                    (no boots)
Stlth  ++........               (no amulet)
                                (no ring)
                                g - ring of magical power

@: brilliant, resistant
A: slimy green scales 2, demonic guardian 1
a: Renounce Religion


You were on level 5 of the Dungeon.
You worshipped Kikubaaqudgha.
Kikubaaqudgha was noncommittal.
You were not hungry.

You visited 2 branches of the dungeon, and saw 6 of its levels.

You collected 130 gold pieces.

Inventory:

Hand Weapons
 i - a +2 whip of venom
Armour
 a - a +0 robe
 w - the +1 leather armour of Virtue (worn) {Int+6 Dex+4}
   (You found it on level 4 of the Dungeon)

   It affects your intelligence (+6).
   It affects your dexterity (+4).
Magical Staves
 r - an uncursed staff of death (weapon)
Jewellery
 g - a ring of magical power (left hand)
Scrolls
 d - a scroll of magic mapping
 h - a scroll of fear
 j - a scroll of teleportation {unknown}
 k - a scroll of remove curse
 m - a scroll of amnesia {unknown}
 n - a scroll of immolation {unknown}
 q - a scroll of fog {unknown}
Potions
 e - a potion of berserk rage {unknown}
 f - a potion of haste {unknown}
 o - a potion of curing {unknown}
 p - a potion of invisibility {unknown}
 s - a potion of cancellation
 t - a potion of resistance
Books
 b - a book of Necromancy

   Spells                             Type                      Level
   a - Pain                           Necromancy                   1
   b - Animate Skeleton               Necromancy                   1
   c - Vampiric Draining              Necromancy                   3
   d - Regeneration                   Charms/Necromancy            3
   e - Animate Dead                   Necromancy                   4
   f - Control Undead                 Necromancy                   4
Comestibles
 c - 3 bread rations


   Skills:
 - Level 2.8(3.2) Maces & Flails
 - Level 2.3(3.0) Staves
 - Level 1.7 Dodging
 - Level 1.7 Stealth
 - Level 2.0 Spellcasting
 + Level 5.4 Necromancy


You had 4 spell levels left.
You knew the following spells:

 Your Spells              Type           Power        Failure   Level  Hunger
a - Pain                  Necr           ####         1%          1    None
b - Regeneration          Chrm/Necr      ######....   1%          3    ###....


Dungeon Overview and Level Annotations

Branches:
Dungeon (5/15)             Temple (1/1) D:4

Altars:
Cheibriados
Dithmenos
Elyvilon
Hepliaklqana
Kikubaaqudgha
Okawaru
Ru
Uskayaw
Vehumet
Yredelemnul

Annotations:
D:3 HarleyQuinn's ghost, amateur OpTm
D:5 Shayle's ghost, novice GrWz


Innate Abilities, Weirdness & Mutations

You are mostly covered in slimy green scales. (AC +3)
A weak demonic guardian rushes to your aid.


Message History

The stinking cloud engulfs your iron imp.
Your iron imp appears unharmed.
Found a mace.
It was a potion of cancellation.
You feel magically purged.
Your iron imp hits Shayle's ghost but does no damage.
You barely miss Shayle's ghost.
Shayle's ghost is severely damaged.
Shayle's ghost casts a spell at you. The magic dart hits you!
* * * LOW HITPOINT WARNING * * *
A jackal skeleton comes into view.
It was a potion of resistance.
You feel protected.
Shayle's ghost hits you but does no damage.
Your iron imp hits Shayle's ghost.
It was a potion of brilliance.
You feel clever all of a sudden. Shayle's ghost hits you!
You die...
Kikubaaqudgha rasps: "You have failed me!
Welcome... death!"

#..........########
#....................#
#..................$.##
#.....................
#.................Z#
#.#....###.........#
#.#....# #.........#
#.#....# #.........#
#.#....# #...W@....####
#.#....###...5........#
#[.....##......ยง#'###.#
##.###.##.#####.# ..
#..##.##.# ..# .#
##.##.##.# ... ..
#.##.##.# ....# ##
##..#+##.# ....#
.####........# .)##.#


You could see Shayle's ghost, a jackal skeleton and a friendly iron imp.

Vanquished Creatures
  An iguana (D:4)
  A worker ant (D:4)
  A howler monkey skeleton (D:4)
  2 adders
  2 adder skeletons (D:2)
  An adder zombie (D:5)
  3 worms
  2 leopard geckos
  An orc (D:4)
  6 giant cockroaches
  9 goblins
  7 hobgoblins
  14 jackals
  A quokka (D:2)
  3 ball pythons
  5 bats (D:2)
  5 frilled lizards
  A jackal zombie (D:2)
  7 kobolds
  A quokka zombie (D:2)
  14 rats
87 creatures vanquished.

Notes
Turn   | Place    | Note
-------+----------+-------------------------------------------
     0 | D:1      | HarleyQuinn the Demonspawn Necromancer began the quest for the Orb.
     0 | D:1      | Reached XP level 1. HP: 13/13 MP: 3/3
   764 | D:1      | Gained mutation: A weak demonic guardian rushes to your aid. [demonic ancestry]
   764 | D:1      | Reached XP level 2. HP: 6/19 MP: 0/5
  1077 | D:1      | Reached skill level 1 in Maces & Flails
  2241 | D:2      | Reached XP level 3. HP: 21/24 MP: 6/6
  2341 | D:2      | HP: 1/24 [jackal zombie (1)]
  3788 | D:2      | Learned a level 3 spell: Regeneration
  3848 | D:2      | Gained mutation: You are partially covered in slimy green scales. (AC +2) [demonic ancestry]
  3848 | D:2      | Reached XP level 4. HP: 15/30 MP: 7/7
  4137 | D:2      | Reached skill level 5 in Necromancy
  4459 | D:3      | Reached skill level 1 in Staves
  4478 | D:3      | Noticed HarleyQuinn's ghost (amateur OpTm)
  5336 | D:4      | Found a white marble altar of Elyvilon.
  5363 | D:4      | Gained mutation: You are mostly covered in slimy green scales. (AC +3) [demonic ancestry]
  5363 | D:4      | Reached XP level 5. HP: 13/35 MP: 8/8
  5367 | D:4      | Got a bloodstained leather armour
  5378 | D:4      | Identified the +1 leather armour of Virtue {Int+6 Dex+4} (You found it on level 4 of the Dungeon)
  5955 | D:4      | Found a staircase to the Ecumenical Temple.
  5965 | Temple   | Entered the Ecumenical Temple
  5973 | Temple   | Became a worshipper of Kikubaaqudgha
  7015 | D:5      | Entered Level 5 of the Dungeon
  7100 | D:5      | Noticed Shayle's ghost (novice GrWz)
  7160 | D:5      | Slain by Shayle's ghost

Vault maps used:
D:1:      onia_arrival_larder, serial_bayou_crossing
D:2:      serial_undead, serial_undead_f, serial_undead_f, serial_undead_d,
          serial_undead_e
D:3:      grunt_temple_overflow_opulence, lemuel_crystal_altar,
          minmay_hedge_maze, minmay_unequal
D:4:      lemuel_round_altar, serial_park_tiny_pond
D:5:      kennysheep_mini_moat, gup_sewer_entry_glass, first_bread,
          uniq_prince_ribbit1
Temple:   eino_narrow_crystal_temple

Skill      XL: |  1  2  3  4 |
---------------+-------------+-----
Maces & Flails | 2 |  2.8
Necromancy     | 5 |  5.4
Staves         | 2 |  2.3
Dodging        | |  1.7
Stealth        | |  1.7
Spellcasting   | |  2.0

Action                   |  1- 3 |  4- 6 || total
-------------------------+-------+-------++-------
Melee: Whip              |    93 |       ||    93
       Unarmed           |     9 |       ||     9
       Staff             |    29 |   201 ||   230
 Cast: Pain              |    31 |    26 ||    57
       Regeneration      |     1 |     2 ||     3
  Use: Scroll            |       |     3 ||     3
       Potion            |       |     3 ||     3
 Stab: Sleeping          |     3 |     4 ||     7
  Eat: Chunk             |     5 |     4 ||     9
       Meat ration       |     1 |     1 ||     2
       Pizza             |       |     1 ||     1
Armor: Robe              |    20 |    25 ||    45
       Leather armour    |       |    53 ||    53
Dodge: Dodged            |    87 |   149 ||   236
